 Dungeon Crawl Stone Soup version 0.26-a0-784-g51bffae0b1 (webtiles) character file.

Game seed: 16247209417622691177

7 Kinoniko the Grave Robber (level 2, -1/20 HPs)
             Began as a Ghoul Necromancer on Nov 10, 2020.
             Slain by an adder (2 damage)
             ... on level 2 of the Dungeon.
             The game lasted 00:01:30 (530 turns).

Kinoniko the Grave Robber (Ghoul Necromancer)        Turns: 530, Time: 00:01:31

Health: -1/20      AC:  2    Str: 11    XL:     2   Next: 0%
Magic:  2/3        EV: 12    Int: 10    God:
Gold:   14         SH:  0    Dex:  9    Spells: 2/4 levels left

rFire    . . .     SeeInvis .   c - +0 club
rCold    + . .     Faith    .   (no shield)
rNeg     + + +     Spirit   .   a - +0 robe
rPois    ∞         Reflect  .   (no helmet)
rElec    .         Harm     .   (no cloak)
rCorr    .         Rampage  .   (no gloves)
MR       .....                  (no boots)
Stlth    ++........             (no amulet)
HPRegen  0.00/turn              (no ring)
MPRegen  0.08/turn              (no ring)

@: no status effects
A: rotting body, claws 1, cold resistance 1, negative energy resistance 3,
inhibited regeneration, torment resistance, unbreathing
a: no special abilities


You were on level 2 of the Dungeon.
You visited 1 branch of the dungeon, and saw 2 of its levels.

You collected 14 gold pieces.

Inventory:

Hand Weapons
 c - a +0 club (weapon)
Armour
 a - a +0 robe (worn)
Scrolls
 b - 2 scrolls of identify {unknown}
 d - a scroll of fog {unknown}
 e - a scroll of enchant weapon {unknown}
 g - a scroll of enchant armour {unknown}
Potions
 f - a potion of curing {unknown}


   Skills:
 + Level 0.2 Fighting
 * Level 0.3 Maces & Flails
 + Level 1.8 Dodging
 - Level 2.1 Stealth
 * Level 0.6 Unarmed Combat
 + Level 1.8 Spellcasting
 + Level 4.1 Necromancy


You had 2 spell levels left.
You knew the following spells:

 Your Spells              Type           Power        Failure   Level
a - Pain                  Necr           #...         6%          1
b - Animate Skeleton      Necr           #.....       6%          1

Your spell library contained the following spells:

 Spells                   Type           Power        Failure   Level
 Vampiric Draining        Necr           #.........   19%         3
 Animate Dead             Necr           #.........   52%         4
 Agony                    Necr           #.......     86%         5


Dungeon Overview and Level Annotations

Branches:
Dungeon (2/15)

Altars:


Innate Abilities, Weirdness & Mutations

Your body is rotting away.
You thrive by killing the living.
You are immune to poison.
You have sharp fingernails.
Your flesh is cold resistant. (rC+)
You are immune to negative energy. (rN+++)
You do not regenerate when monsters are visible.
You are immune to unholy pain and torment.
You can survive without breathing.


Message History

The adder barely misses you.
You miss the adder.
The adder is moderately wounded.
The adder bites you but does no damage. The adder misses you.
You closely miss the adder.
The adder is lightly wounded.
The adder bites you.
* * * LOW HITPOINT WARNING * * *
The adder barely misses you.
You miss the adder.
The adder is lightly wounded.
The adder barely misses you.
You barely miss the adder.
The adder is lightly wounded.
The adder barely misses you. The adder closely misses you.
Unknown command.
You closely miss the adder.
The adder is lightly wounded.
The adder bites you.
You die...

#.......###
#.<.......#######.
#.............
##.###..##### #.#
##.### #.##
#...###
#..#####...# ##..#
###.## ##.## #.@#
#..### ##.S.#
##...######.#
#.....####...
#.............
#..........#..#
##.......... ....
###.......##.. ...
#.............


You could see an adder.

Vanquished Creatures
  2 goblins (D:1)
  2 hobgoblins
  A ball python (D:1)
5 creatures vanquished.

Vanquished Creatures (collateral kills)
  A frilled lizard (D:1)
1 creature vanquished.

Vanquished Creatures (others)
  A plant (D:1)
1 creature vanquished.

Grand Total: 7 creatures vanquished

Notes
Turn   | Place    | Note
-------+----------+-------------------------------------------
     0 | D:1      | Kinoniko the Ghoul Necromancer began the quest for the Orb.
     0 | D:1      | Reached XP level 1. HP: 14/14 MP: 2/2
    68 | D:1      | Learned a level 1 spell: Animate Skeleton
   434 | D:1      | You fall into a shaft and drop 1 floor!
   439 | D:2      | Reached XP level 2. HP: 17/20 MP: 1/3
   527 | D:2      | HP: 1/20 [adder (5)]
   530 | D:2      | Slain by an adder

Illustrated notes

Levels and vault maps discovered:
D:1:      minmay_arrival_four_houses, layout_basic, serial_bayou,
          serial_bayou_ford_a, serial_bayou_lake_a, serial_bayou_pond_a,
          serial_bayou_pond_c, serial_bayou_lagoon_a, minmay_3d_cube
D:2:      layout_rooms, okawaru_altar_gauntlet_db, marbit_many_paths,
          lemuel_round_altar

Action                   || total
-------------------------++-------
Melee: Club              ||    37
       Unarmed           ||     7
 Cast: Pain              ||     2
       Animate Skeleton  ||     1
Armor: Robe              ||     6
Dodge: Dodged            ||    33

Table legend: (Time is in decaauts)
 A = Elapsed time spent in this place.
 B = Non-inter-level travel time spent in this place.
 C = Inter-level travel time spent in this place.
 D = Time resting spent in this place.
 E = Time spent auto-exploring this place.
 F = Levels seen in this place.
 G = Mean time per level.
                   A        B        C        D        E       F      G
               +--------+--------+--------+--------+--------+-----+--------+
         Total |    549 |    549 |      0 |    328 |    118 |   2 |  274.5 |
       Dungeon |    549 |    549 |      0 |    328 |    118 |   2 |  274.5 |
               +--------+--------+--------+--------+--------+-----+--------+

Top non-repeatable levels by time:
     D:1: 450 daAuts
     D:2: 99 daAuts
